Description

The quickest 2-gate you can open. Followed by 3-Gate open. Play defense with Adept or Stalker and scout early with Sentry Hallucination

Build Order

Get SALT Encoding   

  12  0:08  Pylon  
  12  0:13  Probe  
  13  0:27  Gateway  
  13  0:31  Probe x2 (Chrono Boost)  
  15  0:41  Assimilator  
  16  0:51  Probe x2  
  17  1:06  Gateway  
  18  1:09  Probe  
  18  1:17  Cybernetics Core  
  18  1:20  Probe  
  19  1:24  Pylon  
  19  1:29  Assimilator  
  19  1:34  Probe x3 Zealot  
  21  1:53  Stalker (Chrono Boost) or Adept  
  21  1:54  Warp Gate, Shield Battery  
  24  2:04  Gateway  
  24  2:16  Sentry  
  26  2:39  Nexus or Forge First  
  26  2:46  Forge  
Spawning Tool Build Advisor. Get it on Overwolf

Analysis

It mentally makes your opponent wanna rush you cos they think you nuub

Go to:

Details

  • Created by: ktrlplus
  • Published on: Jul 02, 2021
  • Modified on: Jun 29, 2022
  • Patch: 4.11.0
  • Difficulty: Medium
Show
View Real Time Build Order
Export as new Build Order

Comments (0)

There are no comments. Be the first!

Create an account to comment!